 Dungeon Crawl Stone Soup version 0.18.1-48-g4cf74bf (webtiles) character file.

117 nikopol the Skirmisher (level 4, -5/61 HPs)
             Began as a Minotaur Berserker on June 27, 2016.
             Was a Priest of Trog.
             Killed by divine providence
             ... invoked by an orc priest
              (13 damage)
             ... on level 4 of the Dungeon.
             The game lasted 00:04:15 (1903 turns).

nikopol the Skirmisher (Minotaur Berserker)         Turns: 1903, Time: 00:04:15

Health: -5/61      AC:  6    Str: 27    XL:     4   Next: 71%
Magic:  3/3        EV: 12    Int:  4    God:    Trog [***...]
Gold:   135        SH:  0    Dex: 10    Spells: 0 memorised, 3 levels left

rFire  . . .     SeeInvis .     a - +0 hand axe
rCold  . . .     Gourm    .     g - +0 ring mail
rNeg   . . .     Faith    +     (no shield)
rPois  .         Spirit   .     (helmet restricted)
rElec  .         Dismiss  .     (no cloak)
rCorr  .         Reflect  .     (no gloves)
SustAt +         Harm     .     r - +0 pair of boots
MR     .....                    p - amulet of faith (curse)
Stlth  ..........               n - ring of stealth
                                m - ring of sustain attributes (curse)

@: berserking, very quick, not resistant to hostile enchantments, extremely
unstealthy
A: retaliatory headbutt, horns 2
a: Berserk, Trog's Hand, Burn Spellbooks, Renounce Religion


You were on level 4 of the Dungeon.
You worshipped Trog.
Trog was most pleased with you.
You were hungry.

You visited 1 branch of the dungeon, and saw 4 of its levels.

You collected 135 gold pieces.

Inventory:

Hand Weapons
 a - a +0 hand axe (weapon)
Armour
 b - a +0 animal skin
 g - a +0 ring mail (worn)
 r - a +0 pair of boots (worn)
Jewellery
 m - a cursed ring of sustain attributes (left hand)
 n - a ring of stealth (right hand)
 p - a cursed amulet of faith (around neck)
 q - an uncursed ring of ice
 v - a +4 ring of intelligence
Wands
 l - a wand of lightning (2/15)
 s - a wand of lightning (10/15)
 y - a wand of slowing (18/48)
Scrolls
 d - 3 scrolls of fog {unknown}
 e - 4 scrolls of magic mapping {unknown}
 h - 2 scrolls of teleportation {unknown}
 i - 2 scrolls of blinking {unknown}
 j - 2 scrolls of identify {unknown}
 k - 2 scrolls of remove curse {unknown}
 w - a scroll of enchant armour {unknown}
Potions
 f - 2 potions of curing {unknown}
 u - a potion of cancellation {unknown}
 x - a potion of brilliance {unknown}
Comestibles
 c - 3 bread rations
 o - a royal jelly
 z - 4 fruits


   Skills:
 + Level 4.8 Fighting
 + Level 4.4 Axes
 + Level 3.5 Armour
 + Level 3.1 Dodging


You had 3 spell levels left.
You didn't know any spells.

Dungeon Overview and Level Annotations

Branches:
Dungeon (4/15)
 Temple: D:4-7

Altars:


Innate Abilities, Weirdness & Mutations

You reflexively headbutt those who attack you in melee.
You have a pair of horns on your head.


Message History

The orc wizard is almost dead.
The orc priest miscasts a cantrip.
The orc wizard points at you and mumbles some strange words.
The magic dart hits you!
* * * LOW HITPOINT WARNING * * *
An orc comes into view. It is wielding a flail.
You are too injured to fight recklessly!
A red film seems to cover your vision as you go berserk!
You feel yourself moving faster!
You feel mighty!
You are feeling hungry.
The orc shouts!
The orc priest casts a cantrip, but nothing happens.
The orc wizard hits you but does no damage.
You slash the orc wizard!
You kill the orc wizard!
Trog accepts your kill.
Trog appreciates your killing of a magic user.
The orc priest invokes the aid of Beogh against you.
Beogh smites you!
You die...

...########
.......<..#
.########.#
#.# #.# #.#
#.####
#@...#
##o#.# ...#
..o..
.o.### ...#
#..# ..#


You could see an orc priest and 2 orcs.

Vanquished Creatures
  An orc wizard (D:4)
  2 adders
  2 worms
  A dart slug (D:3)
  4 giant geckos
  An orc (D:3)
  5 giant cockroaches
  9 goblins
  4 hobgoblins
  4 jackals
  A ball python (D:1)
  9 bats
  5 giant newts
  5 kobolds
  11 rats
64 creatures vanquished.

Notes
Turn   | Place    | Note
--------------------------------------------------------------
     0 | D:1      | nikopol the Minotaur Berserker began the quest for the Orb.
     0 | D:1      | Reached XP level 1. HP: 19/19 MP: 0/0
    71 | D:1      | Reached XP level 2. HP: 24/27 MP: 1/1
   248 | D:1      | Reached ** piety under Trog
   547 | D:2      | Reached XP level 3. HP: 33/33 MP: 2/2
  1208 | D:3      | Reached *** piety under Trog
  1278 | D:3      | Reached XP level 4. HP: 41/41 MP: 3/3
  1463 | D:3      | Found a faded altar to an unknown god.
  1903 | D:4      | Killed from afar by an orc priest

Skill      XL: |  1  2  3 |
---------------+----------+-----
Fighting       | 4 |  4.8
Axes           | 4 |  4.4
Armour         | 3 |  3.5
Dodging        | 3 |  3.1

Action                   |  1- 3 |  4- 6 || total
-------------------------+-------+-------++-------
Melee: Hand axe          |   100 |    25 ||   125
       Headbutt          |    15 |     6 ||    21
Invok: Berserk           |       |     1 ||     1
       Trog's Hand       |       |     1 ||     1
 Stab: Sleeping          |     4 |     2 ||     6
  Eat: Chunk             |     1 |     2 ||     3
Armor: Animal skin       |    10 |       ||    10
       Ring mail         |    28 |     8 ||    36
Dodge: Dodged            |    66 |     6 ||    72
